 Dungeon Sprint DCSS version 0.26.1-2-gb8aa6d0cf2 (webtiles) character file.

Game seed: 4966422407251626151

6400000 Groucho the Ninja (level 27, -26/174 HPs)
             Began as a Spriggan Abyssal Knight on Feb 21, 2021.
             Was the Champion of Makhleb.
             Killed by the air
             ... invoked by a tyrant
              (50 damage)
             ... in the Dungeon (Sprint VIII: "Arena of Blood").
             The game lasted 00:03:52 (64 turns).

Groucho the Ninja (Spriggan Abyssal Knight)           Turns: 64, Time: 00:03:53

Health: -26/174    AC:  4    Str:  8    XL:     27
Magic:  25/55      EV: 44    Int: 15    God:    Makhleb [******]
Gold:   0          SH:  0    Dex: 27    Spells: 80/80 levels left

rFire    + . .     SeeInvis +   i - +∞ Axe of Woe
rCold    . . .     Faith    .   (shield currently unavailable)
rNeg     . . .     Spirit   .   b - +0 robe
rPois    .         Reflect  .   (helmet restricted)
rElec    .         Harm     .   (no cloak)
rCorr    .         Rampage  .   (gloves unavailable)
Will     ++++.     NoTele   +   (boots unavailable)
Stlth    ++++++++++             (no amulet)
HPRegen  0.39/turn              h - ring of protection from fire
MPRegen  0.34/turn              (no ring)

@: very quick
A: very small, unfitting armour, see invisible, speed 3
a: Renounce Religion, Minor Destruction, Lesser Servant of Makhleb, Major
Destruction, Greater Servant of Makhleb


You were in the Dungeon.
You worshipped Makhleb.
Makhleb was exalted by your worship.
You visited 1 branch

Inventory:

Hand Weapons
 a - a +1 hand axe
 i - the +∞ Axe of Woe (weapon)
   (You found it in the Dungeon)
Armour
 b - a +0 robe (worn)
Jewellery
 h - a ring of protection from fire (left hand)
Potions
 c - a potion of curing
 d - a potion of heal wounds
 e - a potion of haste
 f - 2 potions of magic
 g - a potion of berserk rage


   Skills:
 O Level 27 Fighting
 O Level 27 Short Blades
 + Level 22.9(25.9) Long Blades
 O Level 27 Axes
 + Level 21.4(27) Maces & Flails
 + Level 21.4(27) Polearms
 + Level 21.4(27) Staves
 O Level 27 Slings
 O Level 27 Bows
 + Level 26.4 Crossbows
 + Level 26.3(27) Throwing
 O Level 27 Armour
 O Level 27 Dodging
 O Level 27 Stealth
 + Level 21.4 Shields
 O Level 27 Unarmed Combat
 O Level 27 Spellcasting
 + Level 21.5 Conjurations
 O Level 27 Hexes
 + Level 23.0 Summonings
 + Level 24.7 Necromancy
 O Level 27 Translocations
 O Level 27 Transmutations
 + Level 22.9 Fire Magic
 + Level 22.8 Ice Magic
 + Level 24.6 Air Magic
 + Level 24.6 Earth Magic
 + Level 26.2 Poison Magic
 O Level 27 Invocations
 O Level 27 Evocations


You had 80 spell levels left.
You didn't know any spells.
Your spell library was empty.

Dungeon Overview and Level Annotations

Branches:
Dungeon (1/1)

Altars:
Makhleb

Annotations:
D The Servant


Innate Abilities, Weirdness & Mutations

You are very small and have problems with some larger weapons.
You are too small for most types of armour.
You have supernaturally acute eyesight. (SInv)
You cover ground extremely quickly.


Message History

Your Conjurations skill increases to level 21!
Your Summonings skill increases to level 23!
Your Earth Magic skill increases to level 24!
Your Poison Magic skill increases to level 26!
Unknown command.
You aren't carrying any scrolls.
Unknown command.
Unknown command.
You slice the tentacled monstrosity!!
You chop the tentacled monstrosity into pieces.
You kill the tentacled monstrosity!
You are engulfed in blazing flames.
You resist.
* * * LOW HITPOINT WARNING * * *
You hear a shout! x3
The tyrant is engulfed in blazing flames.
You hear a shout!
A destroyer comes into view. It is wielding a +9 vorpal great sword.
The tyrant waves its bony arms in wide circles.
The air twists around and strikes you!!!
You die...

.... ......
#..VL..# .......
.oo...#
..........##....o#
#.O...... ......O#
.........###.oooo#
..............oo.#
.....#.#.....oz)O#
...........X..@§@#
..xz#.#.#..o.XM§L#
...........L...§☼#
...§.#.#.#XX#oX).#
#.§§§§○...X#.....#
..§)§)☼O...X#....#
..§☼§§○....#.....#
..O§o@...........#
..#...#......##..#


You could see an accursed, 2 tentacled monstrosities, 3 tyrants, The Servant, a
destroyer (wandering), a sculptor of flesh, 5 large abominations, 2 meat
berserkers and 12 bags of meat.

Vanquished Creatures
  7 vampire knights (D)
  18 ogres (D)
  6 two-headed ogres (D)
  A hydra (D)
  53 orcs (D)
  2 skeletal warriors (D)
  4 small abominations (D)
  4 large abominations (D)
  2 crawling corpses (D)
97 creatures vanquished.

Vanquished Creatures (others)
  4 crawling corpses (D)
4 creatures vanquished.

Grand Total: 101 creatures vanquished

Notes
Turn   | Place    | Note
-------+----------+-------------------------------------------
     0 | D        | Found the +∞ Axe of Woe
     0 | D        | Groucho the Spriggan Abyssal Knight began the quest for the
                  | Orb.
     0 | D        | Reached XP level 1. HP: 11/11 MP: 3/3
     1 | D        | Noticed a bag of meat
     4 | D        | Fell from the grace of Lugonu
     4 | D        | Became a worshipper of Makhleb the Destroyer
     6 | D        | Killed a bag of meat
     7 | D        | Reached skill level 27 in Stealth
     7 | D        | Reached XP level 2. HP: 16/16 MP: 4/4
     7 | D        | Reached XP level 3. HP: 19/19 MP: 5/5
     7 | D        | Reached XP level 4. HP: 23/23 MP: 6/6
     7 | D        | Reached XP level 5. HP: 27/27 MP: 7/7
     7 | D        | Reached XP level 6. HP: 32/32 MP: 8/8
     7 | D        | Reached XP level 7. HP: 35/35 MP: 9/9
     7 | D        | Reached XP level 8. HP: 39/39 MP: 10/10
     7 | D        | Reached XP level 9. HP: 43/43 MP: 11/11
     7 | D        | Reached XP level 10. HP: 47/47 MP: 12/12
     7 | D        | Reached XP level 11. HP: 51/51 MP: 13/13
     7 | D        | Noticed a bag of meat
     8 | D        | Noticed a meat berserker
     8 | D        | Killed a meat berserker
     8 | D        | Reached * piety under Makhleb
     8 | D        | Noticed a bag of meat
     9 | D        | Reached skill level 27 in Dodging
     9 | D        | Reached XP level 12. HP: 56/56 MP: 14/14
     9 | D        | Reached XP level 13. HP: 59/59 MP: 15/15
     9 | D        | Noticed a bag of meat
    10 | D        | Noticed a bag of meat
    11 | D        | Killed a bag of meat
    12 | D        | Reached XP level 14. HP: 63/63 MP: 16/16
    12 | D        | Noticed a meat berserker
    13 | D        | Noticed a bag of meat
    13 | D        | Noticed a bag of meat
    14 | D        | Noticed a meat berserker
    14 | D        | Noticed a bag of meat
    15 | D        | Noticed a bag of meat
    15 | D        | Noticed a meat berserker
    16 | D        | Noticed a meat berserker
    16 | D        | Noticed a meat berserker
    16 | D        | Noticed a meat berserker
    17 | D        | Noticed a bag of meat
    17 | D        | Noticed a bag of meat
    17 | D        | Noticed a meat berserker
    17 | D        | Noticed a meat berserker
    17 | D        | Noticed a meat berserker
    17 | D        | Noticed a meat berserker
    17 | D        | Noticed a bag of meat
    18 | D        | Noticed a destroyer
    18 | D        | Noticed a bag of meat
    18 | D        | Noticed a bag of meat
    18 | D        | Noticed a meat berserker
    19 | D        | Noticed a bag of meat
    19 | D        | Noticed a bag of meat
    19 | D        | Noticed a bag of meat
    19 | D        | Noticed a bag of meat
    19 | D        | Noticed a bag of meat
    19 | D        | Noticed a bag of meat
    19 | D        | Noticed a bag of meat
    20 | D        | Killed a meat berserker
    20 | D        | Killed a meat berserker
    20 | D        | Reached ** piety under Makhleb
    20 | D        | Noticed a bag of meat
    20 | D        | Noticed a bag of meat
    20 | D        | Noticed a bag of meat
    20 | D        | Noticed a meat berserker
    21 | D        | Reached skill level 27 in Axes
    21 | D        | Reached XP level 15. HP: 76/76 MP: 16/22
    21 | D        | Noticed a large bag of meat
    21 | D        | Killed a meat berserker
    21 | D        | Killed a meat berserker
    21 | D        | Killed a meat berserker
    21 | D        | Reached *** piety under Makhleb
    21 | D        | Killed a meat berserker
    22 | D        | Reached XP level 16. HP: 100/100 MP: 16/31
    22 | D        | Reached XP level 17. HP: 104/104 MP: 16/32
    22 | D        | Reached XP level 18. HP: 109/109 MP: 16/33
    22 | D        | Killed a meat berserker
    23 | D        | Reached **** piety under Makhleb
    24 | D        | Noticed a destroyer
    24 | D        | Killed a meat berserker
    24 | D        | Noticed a large bag of meat
    24 | D        | Noticed a large bag of meat
    25 | D        | Reached XP level 19. HP: 121/121 MP: 16/36
    25 | D        | Killed a meat berserker
    26 | D        | Noticed a large bag of meat
    27 | D        | Reached XP level 20. HP: 130/130 MP: 16/38
    27 | D        | Noticed a destroyer
    27 | D        | Killed a meat berserker
    27 | D        | Reached ***** piety under Makhleb
    27 | D        | Killed a meat berserker
    27 | D        | Killed a destroyer
    28 | D        | Reached skill level 27 in Fighting
    28 | D        | Reached skill level 27 in Armour
    28 | D        | Reached skill level 27 in Unarmed Combat
    28 | D        | Reached skill level 27 in Invocations
    28 | D        | Reached skill level 5 in Short Blades
    28 | D        | Reached skill level 5 in Slings
    28 | D        | Reached skill level 5 in Hexes
    28 | D        | Reached XP level 21. HP: 142/142 MP: 17/39
    29 | D        | Reached skill level 5 in Crossbows
    29 | D        | Reached skill level 5 in Throwing
    29 | D        | Reached skill level 5 in Necromancy
    29 | D        | Reached skill level 5 in Air Magic
    29 | D        | Reached skill level 5 in Earth Magic
    29 | D        | Reached skill level 5 in Poison Magic
    29 | D        | Reached ****** piety under Makhleb
    30 | D        | Reached skill level 10 in Short Blades
    30 | D        | Reached XP level 22. HP: 148/148 MP: 17/40
    30 | D        | Noticed a destroyer
    30 | D        | Killed a large bag of meat
    30 | D        | Noticed The Servant
    31 | D        | Reached skill level 10 in Long Blades
    31 | D        | Reached skill level 10 in Summonings
    31 | D        | Reached skill level 10 in Necromancy
    31 | D        | Reached skill level 15 in Translocations
    31 | D        | Reached skill level 10 in Fire Magic
    31 | D        | Reached skill level 10 in Ice Magic
    31 | D        | Reached skill level 10 in Earth Magic
    31 | D        | Reached XP level 23. HP: 116/153 MP: 17/41
    32 | D        | Reached skill level 10 in Maces & Flails
    32 | D        | Reached skill level 10 in Polearms
    32 | D        | Reached skill level 10 in Staves
    32 | D        | Reached skill level 15 in Slings
    32 | D        | Reached skill level 15 in Bows
    32 | D        | Reached skill level 10 in Shields
    32 | D        | Reached skill level 15 in Spellcasting
    32 | D        | Reached skill level 10 in Conjurations
    32 | D        | Reached skill level 15 in Hexes
    32 | D        | Noticed a destroyer
    33 | D        | Reached skill level 15 in Short Blades
    33 | D        | Reached XP level 24. HP: 137/158 MP: 18/44
    33 | D        | Killed a destroyer
    33 | D        | Killed a destroyer
    33 | D        | Noticed a large bag of meat
    33 | D        | Noticed a destroyer
    34 | D        | Reached skill level 15 in Necromancy
    34 | D        | Reached XP level 25. HP: 149/163 MP: 18/46
    34 | D        | Killed a large bag of meat
    35 | D        | Killed a large bag of meat
    35 | D        | Killed a large bag of meat
    36 | D        | Reached skill level 15 in Long Blades
    36 | D        | Reached skill level 15 in Summonings
    36 | D        | Reached skill level 15 in Fire Magic
    36 | D        | Reached skill level 15 in Ice Magic
    36 | D        | Reached XP level 26. HP: 104/169 MP: 18/49
    36 | D        | Killed a destroyer
    37 | D        | Reached skill level 15 in Maces & Flails
    37 | D        | Reached skill level 15 in Polearms
    37 | D        | Reached skill level 15 in Staves
    37 | D        | Reached skill level 15 in Shields
    37 | D        | Reached skill level 15 in Conjurations
    38 | D        | Noticed a large bag of meat
    39 | D        | Reached XP level 27. HP: 164/174 MP: 19/50
    40 | D        | Noticed a destroyer
    41 | D        | Reached skill level 27 in Translocations
    45 | D        | Killed a destroyer
    49 | D        | Killed a destroyer
    51 | D        | Noticed an accursed
    53 | D        | Noticed a tyrant
    55 | D        | Reached skill level 27 in Transmutations
    55 | D        | Killed a large bag of meat
    56 | D        | Reached skill level 27 in Evocations
    56 | D        | Noticed a tyrant
    57 | D        | Killed a destroyer
    58 | D        | Reached skill level 27 in Slings
    59 | D        | Reached skill level 27 in Bows
    59 | D        | Reached skill level 27 in Spellcasting
    59 | D        | Reached skill level 27 in Hexes
    59 | D        | Killed a large bag of meat
    62 | D        | Reached skill level 27 in Short Blades
    62 | D        | Noticed a tyrant
    64 | D        | Noticed a destroyer
    64 | D        | Killed from afar by a tyrant

Illustrated notes

Levels and vault maps discovered:
D:        meatsprint

Skill      XL: |  1  2  3  4  5  6  7  8  9 10 11 12 13 14 15 16 17 18 19 20 21 22 23 24 25 26 27 |
---------------+----------------------------------------------------------------------------------+-----
Axes           | 12 18 21 27 | 27.0
Dodging        | 20 27 | 27.0
Stealth        | 27 | 27.0
Fighting       | 7 18 21 23 27 | 27.0
Armour         | 6 16 19 21 27 | 27.0
Unarmed Combat | 7 17 21 23 27 | 27.0
Invocations    | 8 20 24 26 27 | 27.0
Short Blades   | 5 10 12 15 17 19 21 27 | 27.0
Long Blades    | 4 8 10 12 13 15 17 22 | 22.9
Maces & Flails | 3 7 9 11 12 14 15 21 | 21.4
Polearms       | 3 7 9 11 12 14 15 21 | 21.4
Staves         | 3 7 9 11 12 14 16 21 | 21.4
Slings         | 5 11 13 16 18 21 22 27 | 27.0
Bows           | 6 11 13 16 18 20 22 27 | 27.0
Crossbows      | 4 9 11 14 16 18 19 26 | 26.4
Throwing       | 4 9 11 14 16 18 19 26 | 26.3
Shields        | 3 7 9 11 12 14 15 21 | 21.4
Spellcasting   | 6 11 13 16 18 21 22 27 | 27.0
Conjurations   | 3 7 9 11 12 14 15 21 | 21.5
Hexes          | 5 11 13 16 18 21 22 27 | 27.0
Summonings     | 4 8 10 12 13 15 17 23 | 23.0
Necromancy     | 4 9 10 13 15 17 18 24 | 24.7
Translocations | 7 13 15 19 21 24 26 27 | 27.0
Transmutations | 6 12 14 17 19 22 24 27 | 27.0
Fire Magic     | 4 8 10 12 13 15 17 22 | 22.9
Ice Magic      | 4 8 10 12 13 15 17 22 | 22.8
Air Magic      | 4 9 11 13 14 17 18 24 | 24.6
Earth Magic    | 4 9 10 13 14 16 18 24 | 24.6
Poison Magic   | 4 9 11 14 16 18 19 26 | 26.2
Evocations     | 6 12 14 17 19 22 24 27 | 27.0

Action                   |  1- 3 |  4- 6 |  7- 9 | 10-12 | 13-15 | 16-18 | 19-21 | 22-24 | 25-27 || total
-------------------------+-------+-------+-------+-------+-------+-------+-------+-------+-------++-------
Melee: Broad axe         |     1 |       |       |     1 |     3 |     3 |     5 |     4 |    21 ||    38
  Use: Scroll            |       |       |       |       |       |       |       |       |     1 ||     1
Dodge: Dodged            |       |       |       |       |       |       |     1 |       |     3 ||     4
